MLB
CINCINNATI REDS @ ST. LOUIS CARDINALS
06/26/2046
 
TOP OF THE 1ST
Cincinnati Reds batting - Pitching for St. Louis Cardinals : LHP John Fisher
Pitching: LHP John Fisher
Batting: RHB Joseph Kirchmann 0-0: Foul Ball, location: 2F
0-1: Swinging Strike
0-2: Foul Ball, location: 2F
0-2: Ground out 5-3 (Groundball, 56, EV 106.2 MPH)
Batting: SHB Saulo Maina 0-0: Ground out 6-3 (Groundball, 6, EV 85.0 MPH)
Batting: SHB Dave Barefoot 0-0: Ball
1-0: Foul Ball, location: 2F
1-1: SOLO HOME RUN (Line Drive, 9D, EV 99.4 MPH), Distance : 387 ft
Batting: LHB Chris Grunwald 0-0: Foul Ball, location: 2F
0-1: Foul Ball, location: 2F
0-2: Fly out, F8 (Flyball, 8LM, EV 82.5 MPH)
Top of the 1st over - 1 run, 1 hit, 0 errors, 0 left on base; Cincinnati 1 - St. Louis 0
BOTTOM OF THE 1ST
St. Louis Cardinals batting - Pitching for Cincinnati Reds : RHP Curt Stevens
Pitching: RHP Curt Stevens
Batting: RHB Tenshou Takita 0-0: Ground out 6-3 (Groundball, 6, EV 88.1 MPH)
Batting: RHB Nick Gentzel 0-0: Called Strike
0-1: Ball
1-1: Called Strike
1-2: Ball
2-2: Strikes out swinging
Batting: RHB Pavpv Ivanushkin 0-0: Ball
1-0: Called Strike
1-1: DOUBLE (Line Drive, 89XD, EV 114.4 MPH)
Batting: RHB Jordan Diaz 0-0: Ball
1-0: Foul Ball, location: 2F
1-1: Ground out 6-3 (Groundball, 6, EV 87.5 MPH)
Bottom of the 1st over - 0 runs, 1 hit, 0 errors, 1 left on base; Cincinnati 1 - St. Louis 0
TOP OF THE 2ND
Cincinnati Reds batting - Pitching for St. Louis Cardinals : LHP John Fisher
Batting: RHB Fred Slade 0-0: Foul Ball, location: 2F
0-1: Ball
1-1: Swinging Strike
1-2: Foul Ball, location: 2F
1-2: Strikes out looking
Batting: RHB Omar Quintana 0-0: Ball
1-0: Ball
2-0: Foul Ball, location: 2F
2-1: Foul Ball, location: 2F
2-2: Ball
3-2: SINGLE (Line Drive, 34, EV 98.1 MPH)
Batting: LHB Jon Ledesma 0-0: Ball
1-0: Ball
2-0: Called Strike
2-1: DOUBLE (Line Drive, 5D, EV 94.4 MPH)
Omar Quintana to third
Batting: LHB Antonio Figueroa 0-0: Ball
1-0: Called Strike
1-1: Ball
2-1: Ball
3-1: Foul Ball, location: 2F
3-2: Foul Ball, location: 2F
3-2: Strikes out swinging
Batting: LHB Andy Arbuckle 0-0: Called Strike
0-1: Called Strike
0-2: Ball
1-2: Strikes out swinging
Top of the 2nd over - 0 runs, 2 hits, 0 errors, 2 left on base; Cincinnati 1 - St. Louis 0
BOTTOM OF THE 2ND
St. Louis Cardinals batting - Pitching for Cincinnati Reds : RHP Curt Stevens
Batting: SHB Hans Mikkelsen 0-0: Ball
1-0: SINGLE (Groundball, 25, EV 71.9 MPH) (infield hit)
Batting: RHB Eric Chotkowski 0-0: Called Strike
Hans Mikkelsen steals 2nd base (no throw)
0-1: Ball
1-1: Foul Ball, location: 2F
1-2: Strikes out swinging
Batting: RHB Terry Baginski 0-0: Ball
1-0: Swinging Strike
1-1: Foul Ball, location: 2F
1-2: Strikes out swinging
Batting: RHB Dustin Clark 0-0: Called Strike
0-1: Swinging Strike
0-2: Strikes out swinging
Bottom of the 2nd over - 0 runs, 1 hit, 0 errors, 1 left on base; Cincinnati 1 - St. Louis 0
TOP OF THE 3RD
Cincinnati Reds batting - Pitching for St. Louis Cardinals : LHP John Fisher
Batting: RHB Joseph Kirchmann 0-0: Ball
1-0: Swinging Strike
1-1: Ball
2-1: SINGLE (Groundball, 56D, EV 106.9 MPH)
Batting: SHB Saulo Maina 0-0: Called Strike
0-1: Ball
1-1: Ball
Joseph Kirchmann steals 2nd base (no throw)
2-1: Ball
3-1: Foul Ball, location: 2F
3-2: Strikes out swinging
Batting: SHB Dave Barefoot 0-0: Called Strike
0-1: Ball
1-1: Foul Ball, location: 2F
1-2: Strikes out swinging
Batting: LHB Chris Grunwald 0-0: Called Strike
0-1: Ball
1-1: Swinging Strike
1-2: 2-RUN HOME RUN (Flyball, 9LD, EV 97.5 MPH), Distance : 352 ft
Batting: RHB Fred Slade 0-0: Ball
1-0: SINGLE (Line Drive, 9S, EV 88.8 MPH)
Batting: RHB Omar Quintana 0-0: Ball
1-0: Fly out, F9 (Flyball, 9S, EV 81.2 MPH)
Top of the 3rd over - 2 runs, 3 hits, 0 errors, 1 left on base; Cincinnati 3 - St. Louis 0
BOTTOM OF THE 3RD
St. Louis Cardinals batting - Pitching for Cincinnati Reds : RHP Curt Stevens
Batting: RHB Travis Leonard 0-0: Called Strike
0-1: Ball
1-1: Fly out, F8 (Line Drive, 78M, EV 87.5 MPH)
Batting: RHB Tenshou Takita 0-0: Called Strike
0-1: Ball
1-1: Foul Ball, location: 2F
1-2: Ball
2-2: SINGLE (Groundball, 25, EV 68.8 MPH) (infield hit)
Batting: RHB Nick Gentzel Pickoff Throw to First - Error! E1
Tenshou Takita to second
0-0: Ball
1-0: Called Strike
1-1: DOUBLE (Flyball, 8LD, EV 101.2 MPH)
Tenshou Takita scores
Batting: RHB Pavpv Ivanushkin 0-0: Ball
1-0: Called Strike
1-1: Foul Ball, location: 2F
1-2: Ball
2-2: Ball
3-2: Foul Ball, location: 2F
3-2: Strikes out swinging
Batting: RHB Jordan Diaz 0-0: Ball
1-0: Ball
2-0: Swinging Strike
2-1: Fly out, F8 (Line Drive, 8RM, EV 102.5 MPH)
Bottom of the 3rd over - 1 run, 2 hits, 1 error, 1 left on base; Cincinnati 3 - St. Louis 1
TOP OF THE 4TH
Cincinnati Reds batting - Pitching for St. Louis Cardinals : LHP John Fisher
Batting: LHB Jon Ledesma 0-0: Ball
1-0: Ball
2-0: Called Strike
2-1: Ball
3-1: Base on Balls
Batting: LHB Antonio Figueroa 0-0: Called Strike
0-1: Ball
1-1: Ball
Jon Ledesma steals 2nd base
2-1: Foul Ball, location: 2F
2-2: Foul Ball, location: 2F
2-2: Strikes out swinging
Batting: LHB Andy Arbuckle 0-0: Ball
Jon Ledesma is caught stealing 3rd base 2-5
1-0: Foul Ball, location: 2F
1-1: Called Strike
1-2: Foul Ball, location: 2F
1-2: Ball
2-2: Foul Ball, location: 2F
2-2: Foul Ball, location: 2F
2-2: Ground out 5-3 (Groundball, 5L, EV 101.9 MPH)
Top of the 4th over - 0 runs, 0 hits, 0 errors, 0 left on base; Cincinnati 3 - St. Louis 1
BOTTOM OF THE 4TH
St. Louis Cardinals batting - Pitching for Cincinnati Reds : RHP Curt Stevens
Batting: SHB Hans Mikkelsen 0-0: Ball
1-0: Called Strike
1-1: TRIPLE (Flyball, 9D, EV 85.6 MPH)
Batting: RHB Eric Chotkowski 0-0: Ground out 4-3 (Groundball, 4, EV 80.0 MPH)
Hans Mikkelsen scores
Batting: RHB Terry Baginski 0-0: Foul Ball, location: 2F
0-1: Ball
1-1: SINGLE (Groundball, 4D, EV 95.0 MPH)
Batting: RHB Dustin Clark 0-0: Ball
1-0: Called Strike
1-1: Called Strike
1-2: Fly out, F9 (Flyball, 9D, EV 109.4 MPH)
Batting: RHB Travis Leonard 0-0: Ball
1-0: Ground out 4-3 (Groundball, 34S, EV 81.9 MPH)
Bottom of the 4th over - 1 run, 2 hits, 0 errors, 1 left on base; Cincinnati 3 - St. Louis 2
TOP OF THE 5TH
Cincinnati Reds batting - Pitching for St. Louis Cardinals : LHP John Fisher
Batting: RHB Joseph Kirchmann 0-0: Called Strike
0-1: Ball
1-1: Ball
2-1: Swinging Strike
2-2: Strikes out swinging
Batting: SHB Saulo Maina 0-0: Foul Ball, location: 2F
0-1: Called Strike
0-2: Foul Ball, location: 2F
0-2: Ball
1-2: SINGLE (Groundball, 56D, EV 102.5 MPH)
Batting: SHB Dave Barefoot 0-0: Called Strike
0-1: Foul Ball, location: 2F
0-2: Strikes out swinging
Batting: LHB Chris Grunwald 0-0: Called Strike
0-1: Ball
1-1: Fielders Choice at 2nd, 6-4 (Groundball, 4M, EV 82.5 MPH)
Top of the 5th over - 0 runs, 1 hit, 0 errors, 1 left on base; Cincinnati 3 - St. Louis 2
BOTTOM OF THE 5TH
St. Louis Cardinals batting - Pitching for Cincinnati Reds : RHP Curt Stevens
Batting: RHB Tenshou Takita 0-0: Called Strike
0-1: Swinging Strike
0-2: Ball
1-2: Foul Ball, location: 2F
1-2: Strikes out swinging
Batting: RHB Nick Gentzel 0-0: Called Strike
0-1: Foul Ball, location: 2F
0-2: Ball
1-2: Ball
2-2: Strikes out swinging
Batting: RHB Pavpv Ivanushkin 0-0: Foul Ball, location: 2F
0-1: Ball
1-1: Ball
2-1: Ball
3-1: Foul Ball, location: 2F
3-2: Foul Ball, location: 2F
3-2: Foul Ball, location: 2F
3-2: Base on Balls
Batting: RHB Jordan Diaz 0-0: Ball
1-0: Ball
2-0: Foul Ball, location: 2F
2-1: Foul Ball, location: 2F
2-2: Ball
3-2: 2-RUN HOME RUN (Flyball, 9D, EV 96.9 MPH), Distance : 384 ft
Batting: SHB Hans Mikkelsen 0-0: SINGLE (Flyball, 8RS, EV 84.4 MPH)
Batting: RHB Eric Chotkowski 0-0: Ball
1-0: Swinging Strike
Pickoff Throw by Catcher to First - Error! E2
Hans Mikkelsen to second
1-1: SINGLE (Groundball, 34S, EV 70.6 MPH) (infield hit)
Hans Mikkelsen to third
Batting: RHB Terry Baginski 0-0: Foul Ball, location: 2F
0-1: SINGLE (Groundball, 3D, EV 105.6 MPH)
Hans Mikkelsen scores
Eric Chotkowski to second
Runner from 2nd tries for 3rd, SAFE, throw by RF made to third
Pitching: RHP Westin Silveira
Batting: RHB Dustin Clark 0-0: Ball
1-0: Ball
2-0: Ground out 5-3 (Groundball, 56, EV 105.0 MPH)
Bottom of the 5th over - 3 runs, 4 hits, 1 error, 2 left on base; Cincinnati 3 - St. Louis 5
TOP OF THE 6TH
Cincinnati Reds batting - Pitching for St. Louis Cardinals : LHP John Fisher
Pitching: RHP Antonio Perez
Batting: RHB Fred Slade 0-0: Ball
1-0: Fly out, F6 (Popup, 6MS, EV 61.9 MPH)
Batting: RHB Omar Quintana 0-0: Ball
1-0: Called Strike
1-1: Swinging Strike
1-2: Ball
2-2: Ball
3-2: Base on Balls
Batting: LHB Jon Ledesma 0-0: Ball
1-0: Foul Ball, location: 2F
1-1: Grounds into double play, 4-6-3 (Groundball, 4S, EV 92.5 MPH)
Top of the 6th over - 0 runs, 0 hits, 0 errors, 0 left on base; Cincinnati 3 - St. Louis 5
BOTTOM OF THE 6TH
St. Louis Cardinals batting - Pitching for Cincinnati Reds : RHP Westin Silveira
Batting: RHB Travis Leonard 0-0: Called Strike
0-1: Called Strike
0-2: Strikes out swinging
Batting: RHB Tenshou Takita 0-0: SINGLE (Groundball, 34D, EV 104.4 MPH)
Batting: RHB Nick Gentzel 0-0: Fly out, F8 (Flyball, 8RXD, EV 85.6 MPH)
Batting: RHB Pavpv Ivanushkin 0-0: Ball
1-0: Ball
2-0: Ground out 6-3 (Groundball, 6S, EV 89.4 MPH)
Bottom of the 6th over - 0 runs, 1 hit, 0 errors, 1 left on base; Cincinnati 3 - St. Louis 5
TOP OF THE 7TH
Cincinnati Reds batting - Pitching for St. Louis Cardinals : RHP Antonio Perez
Batting: LHB Antonio Figueroa 0-0: Ball
1-0: Ball
2-0: Ball
3-0: SINGLE (Groundball, 56D, EV 94.4 MPH)
Batting: LHB Andy Arbuckle 0-0: Ball
1-0: Ball
2-0: Called Strike
Antonio Figueroa steals 2nd base
2-1: Swinging Strike
2-2: Foul Ball, location: 2F
2-2: Ground out 4-3 (Groundball, 4, EV 101.2 MPH)
Antonio Figueroa to third
Batting: RHB Joseph Kirchmann 0-0: Ball
1-0: SINGLE (Line Drive, 34, EV 95.6 MPH)
Antonio Figueroa scores
Batting: SHB Saulo Maina 0-0: Fielders Choice at 2nd, 6-4 (Groundball, 56, EV 89.4 MPH)
Batting: SHB Dave Barefoot 0-0: Ball
1-0: Ball
2-0: Foul Ball, location: 2F
2-1: Ball
Wild Pitch!
Saulo Maina to second
3-1: Foul Ball, location: 2F
3-2: Base on Balls
Batting: LHB Chris Grunwald 0-0: Called Strike
0-1: Ball
1-1: Ball
2-1: Called Strike
2-2: Ball
3-2: Strikes out swinging
Top of the 7th over - 1 run, 2 hits, 0 errors, 2 left on base; Cincinnati 4 - St. Louis 5
BOTTOM OF THE 7TH
St. Louis Cardinals batting - Pitching for Cincinnati Reds : RHP Westin Silveira
Batting: RHB Jordan Diaz 0-0: Foul Ball, location: 2F
0-1: Ball
1-1: SINGLE (Groundball, 6MD, EV 96.2 MPH)
Batting: SHB Hans Mikkelsen 0-0: Foul Ball, location: 2F
0-1: Swinging Strike
0-2: Ball
1-2: Strikes out swinging
Batting: RHB Eric Chotkowski 0-0: Ball
1-0: Ball
2-0: Ball
3-0: Called Strike
3-1: Base on Balls
Jordan Diaz to second
Batting: RHB Terry Baginski 0-0: Ball
1-0: Called Strike
1-1: Foul Ball, location: 2F
1-2: Ball
2-2: Strikes out swinging
Batting: RHB Dustin Clark 0-0: Called Strike
0-1: Ball
1-1: Foul Ball, location: 2F
1-2: Ball
2-2: Ball
3-2: Base on Balls
Jordan Diaz to third
Eric Chotkowski to second
Batting: RHB Travis Leonard 0-0: Called Strike
0-1: Foul Ball, location: 2F
0-2: Ball
1-2: Ball
2-2: SINGLE (Groundball, 6S, EV 67.5 MPH) (infield hit)
Jordan Diaz scores
Eric Chotkowski to third
Dustin Clark to second
Batting: RHB Tenshou Takita 0-0: Fly out, F9 (Flyball, 89D, EV 108.8 MPH)
Bottom of the 7th over - 1 run, 2 hits, 0 errors, 3 left on base; Cincinnati 4 - St. Louis 6
TOP OF THE 8TH
Cincinnati Reds batting - Pitching for St. Louis Cardinals : RHP Antonio Perez
Pitching: RHP Bryan Banana
Batting: RHB Fred Slade 0-0: Ball
1-0: Called Strike
1-1: Ground out 5-3 (Groundball, 56, EV 85.0 MPH)
Batting: RHB Omar Quintana 0-0: Ground out 5-3 (Groundball, 5, EV 95.0 MPH)
Batting: LHB Jon Ledesma 0-0: Called Strike
0-1: Foul Ball, location: 2F
0-2: Strikes out swinging
Top of the 8th over - 0 runs, 0 hits, 0 errors, 0 left on base; Cincinnati 4 - St. Louis 6
BOTTOM OF THE 8TH
St. Louis Cardinals batting - Pitching for Cincinnati Reds : RHP Westin Silveira
Pitching: RHP Justin Ambrose
Batting: RHB Nick Gentzel 0-0: Ball
1-0: Ground out 6-3 (Groundball, 6S, EV 92.5 MPH)
Batting: RHB Pavpv Ivanushkin 0-0: Called Strike
0-1: Ball
1-1: Ball
2-1: Swinging Strike
2-2: Ball
3-2: Strikes out swinging
Batting: RHB Jordan Diaz 0-0: SOLO HOME RUN (Flyball, 78XD, EV 98.8 MPH), Distance : 380 ft
Batting: SHB Hans Mikkelsen 0-0: Swinging Strike
0-1: Ball
1-1: Swinging Strike
1-2: Ball
2-2: Fly out, F8 (Flyball, 8LS, EV 91.9 MPH)
Bottom of the 8th over - 1 run, 1 hit, 0 errors, 0 left on base; Cincinnati 4 - St. Louis 7
TOP OF THE 9TH
Cincinnati Reds batting - Pitching for St. Louis Cardinals : RHP Bryan Banana
Batting: LHB Antonio Figueroa 0-0: Ball
1-0: Called Strike
1-1: Called Strike
1-2: SINGLE (Groundball, 56D, EV 98.8 MPH)
Batting: LHB Andy Arbuckle 0-0: Ball
1-0: Swinging Strike
1-1: Foul Ball, location: 2F
1-2: Strikes out swinging
Batting: RHB Joseph Kirchmann 0-0: Ball
1-0: Fielders Choice at 2nd, 5-4 (Groundball, 5, EV 91.2 MPH)
Batting: SHB Saulo Maina 0-0: Ball
1-0: Ball
2-0: 2-RUN HOME RUN (Flyball, 7D, EV 95.0 MPH), Distance : 377 ft
Batting: SHB Dave Barefoot 0-0: Called Strike
0-1: Called Strike
0-2: Foul Ball, location: 2F
0-2: Ball
1-2: Foul Ball, location: 2F
1-2: Foul Ball, location: 2F
1-2: Strikes out looking
Top of the 9th over - 2 runs, 2 hits, 0 errors, 0 left on base; Cincinnati 6 - St. Louis 7
Tuesday, September 13th , 2022 - OOTP Baseball 23.7 Build 88